 Dungeon Crawl Stone Soup version 0.31.0-12-g77e489cdc1 (webtiles) character file.

Game seed: 17183917892204227124

928 TacoTruck the Insei (level 8, -1/66 HPs)
             Began as a Vine Stalker Monk on Mar 7, 2024.
             Slain by a two-headed ogre
             ... wielding a +0 giant club
              (13 damage)
             ... on level 5 of the Dungeon.
             The game lasted 00:08:23 (4742 turns).

TacoTruck the Insei (Vine Stalker Monk)             Turns: 4742, Time: 00:08:23

Health: -1/66      AC: 24    Str: 13    XL:     8   Next: 11%
Magic:  0/9        EV:  2    Int: 10    God:
Gold:   314        SH:  0    Dex: 20    Spells: 7/7 levels left

rFire   . .          .
                       - Unarmed
rCold   . . .        c - orb {light}
rNeg    . . .        f - melded +0 scale mail
rPois   +            (helmet currently unavailable)
rElec   .            (cloak currently unavailable)
rCorr   +            (gloves currently unavailable)
SInv    .            (boots currently unavailable)
Will    +....        (no amulet)
Stlth   +            R - ring of resist corrosion
HPRegen 1.11/turn    (no ring)
MPRegen 0.11/turn

%: guardian spirit
@: tree-form, glowing
A: stationary, stasis, torment immunity, boosted hp, (fangs 3), regeneration 1,
magic shield, (antimagic bite), no potion heal 2
a: no special abilities


You were on level 5 of the Dungeon.
You were a tree.
You visited 1 branch of the dungeon, and saw 5 of its levels.

You collected 314 gold pieces.


Innate Abilities, Weirdness & Mutations

You are a tree.
Your roots penetrate the ground, keeping you stationary.
You cannot be teleported.
You are immune to unholy pain and torment.
Your maximum health is greatly increased.
Your equipment is partially melded.
((You have razor-sharp teeth.))
Your natural rate of healing is unusually fast.
When hurt, damage is shared between your health and your magic reserves.
((Your bite disrupts and absorbs the magic of your enemies.))
Potions cannot restore your health.


   Skills:
 + Level 5.7 Fighting
 + Level 3.9 Dodging
 + Level 5.9 Unarmed Combat
 + Level 2.5 Shapeshifting


You had 7 spell levels left.
You didn't know any spells.
Your spell library contained the following spells:

 Spells                   Type           Power      Damage    Failure   Level
 Magic Dart               Conj           0%         1d3       36%         1
 Blink                    Tloc           0%         N/A       50%         2
 Call Imp                 Summ           0%         N/A       50%         2
 Hailstorm                Conj/Ice       0%         3d5       75%         3
 Summon Ice Beast         Ice/Summ       0%         N/A       75%         3
 Tukima's Dance           Hex            0%         N/A       75%         3
 Passage of Golubria      Tloc           0%         N/A       98%         4
 Yara's Violent Unravell  Hex/Alch       0%         3d3       100%        5
 Sculpt Simulacrum        Ice/Alch       0%         N/A       100%        6

Inventory:

Armour
 a - a +0 robe
 c - an orb of light (worn)
 f - a +0 scale mail (melded)
 t - a +0 pair of gloves
Magical Staves
 r - a staff of alchemy {!a}
Jewellery
 R - a ring of resist corrosion (left branch)
Talismans
 e - a flux talisman
 l - a beast talisman (active)
 o - a serpent talisman
 s - a maw talisman
Wands
 m - a wand of roots (14)
 v - a wand of light (3)
 w - a wand of charming (5)
Scrolls
 d - a scroll of revelation {unknown}
 g - a scroll of immolation {unknown}
 k - 3 scrolls of teleportation {@r2}
 p - 4 scrolls of acquirement
 q - 2 scrolls of enchant armour {unknown}
 y - a scroll of fear {unknown}
Potions
 b - a potion of ambrosia
 h - a potion of brilliance
 n - 2 potions of enlightenment
 u - a potion of curing {@q1}
 x - a potion of attraction

Dungeon Overview and Level Annotations

Branches:
Dungeon (5/15)
 Temple: D:4-7

Altars:
Hepliaklqana
Xom

Annotations:
D:3 2 transporters, velxir3's ghost, amateur DsSh

### ### ### #.# #.# #.#
#.###########.#######.#
#.....................#
####.###################.#
#....#...(..O♣.....# #.#
#.####[###########.#####.###
#.# #.# #.#.......#
#.####O###### #.#.#.....#
##.##........# #.#.#.....###
#............# #.#.#........
#............######.#.#........
#............#......#.#........
#...................#.#........


You could see a two-headed ogre.


Message History

Your +0 scale mail melds into your body.
Your roots penetrate the ground.
The two-headed ogre hits you with a +0 giant club!
The two-headed ogre hits you with a +0 giant spiked club!
Unknown command.
You hit the two-headed ogre.
The two-headed ogre is lightly wounded.
The two-headed ogre hits you with a +0 giant club!!
* * * LOW HITPOINT WARNING * * *
The two-headed ogre barely misses you.
Unknown command.
You completely miss the two-headed ogre.
The two-headed ogre is lightly wounded.
Unknown command.
You smack the two-headed ogre!
The two-headed ogre is lightly wounded.
The two-headed ogre hits you with a +0 giant club!
* * * LOW HITPOINT WARNING * * *
The two-headed ogre hits you but does no damage.
You hit the two-headed ogre but do no damage.
The two-headed ogre is lightly wounded.
Unknown command.
You hit the two-headed ogre.
The two-headed ogre is moderately wounded.
The two-headed ogre hits you but does no damage. x2
Unknown command.
You smack the two-headed ogre!
The two-headed ogre is heavily wounded.
The two-headed ogre hits you with a +0 giant club!
You die...

Skill      XL: |  1  2  3  4  5  6  7 |
---------------+----------------------+-----
Fighting       | 3 4 5 |  5.7
Unarmed Combat | 4 5 |  5.9
Dodging        | 3 |  3.9
Shapeshifting  | 1 2 |  2.5

Action                     |  1- 3 |  4- 6 |  7- 9 || total
---------------------------+-------+-------+-------++-------
  Melee: Unarmed           |    97 |   123 |   108 ||   328
         Bite              |    26 |    39 |    40 ||   105
    Use: Scroll            |       |       |     7 ||     7
         Potion            |       |       |     1 ||     1
 Armour: Robe              |    13 |       |       ||    13
         Scale mail        |    50 |    54 |    81 ||   185
         Skin              |       |       |     8 ||     8
  Dodge: Dodged            |    34 |    58 |    38 ||   130
   Form: Beast             |     1 |       |       ||     1

Levels and vault maps discovered:
D:1:      grunt_arrival_lava_bath, layout_basic
D:2:      layout_loops_corners, basic_altar
D:3:      layout_basic, gammafunk_ghost_gnarly_gnolls, minmay_rat_hole
D:4:      layout_basic, minmay_misc_feat_doors
D:5:      corexii_shack_village, layout_basic, minmay_ruined_shrine,
          uniq_sigmund

Notes
Turn   | Place    | Note
-------+----------+-------------------------------------------
     0 | D:1      | TacoTruck the Vine Stalker Monk began the quest for the
                  | Orb.
     0 | D:1      | Reached XP level 1. HP: 11/11 MP: 2/2
    52 | D:1      | Reached skill level 3 in Fighting
    64 | D:1      | Reached XP level 2. HP: 15/16 MP: 3/3
   302 | D:1      | Reached XP level 3. HP: 20/21 MP: 2/4
   769 | D:2      | Reached skill level 4 in Fighting
  1058 | D:2      | Found a shimmering altar of Xom.
  1221 | D:2      | Reached XP level 4. HP: 24/25 MP: 5/5
  1660 | D:3      | Found a transporter.
  1661 | D:3      | Found a transporter.
  1669 | D:3      | Noticed velxir3's ghost (amateur DsSh)
  2237 | D:3      | Reached skill level 4 in Unarmed Combat
  2629 | D:4      | Reached XP level 5. HP: 29/29 MP: 6/6
  2634 | D:4      | Noticed an ogre
  2678 | D:4      | Reached skill level 3 in Dodging
  2709 | D:4      | Reached XP level 6. HP: 34/34 MP: 7/7
  3184 | D:4      | Reached skill level 5 in Fighting
  3184 | D:4      | Reached skill level 5 in Unarmed Combat
  3442 | D:5      | Entered Level 5 of the Dungeon
  3459 | D:5      | Noticed Sigmund
  3496 | D:5      | Killed Sigmund
  3497 | D:5      | Reached skill level 1 in Shapeshifting
  3497 | D:5      | Reached XP level 7. HP: 39/39 MP: 6/8
  3942 | D:5      | Noticed a two-headed ogre
  3951 | D:5      | Reached skill level 2 in Shapeshifting
  4257 | D:5      | Gained mutation: You have razor-sharp teeth. [Vine Stalker
                  | growth]
  4257 | D:5      | Reached XP level 8. HP: 44/44 MP: 9/9
  4447 | D:5      | Found a hazy altar of Hepliaklqana.
  4480 | D:5      | Identified 4 scrolls of acquirement
  4742 | D:5      | Slain by a two-headed ogre

Vanquished Creatures
  Sigmund (D:5)
  An ogre (D:4)
  A gnoll sergeant (D:5)
  2 scorpions (D:5)
  2 howler monkeys
  2 hounds (D:5)
  A jelly (D:5)
  3 orc priests (D:4)
  An iguana (D:5)
  2 orc wizards (D:4)
  2 adders (D:5)
  3 gnolls (D:5)
  A white imp (D:5)
  An ufetubus (D:5)
  3 dart slugs
  A ribbon worm (D:2)
  6 orcs
  10 ball pythons
  4 endoplasms
  5 giant cockroaches
  11 goblins
  14 hobgoblins
  5 quokkas
  12 bats
  A frilled lizard (D:1)
  9 kobolds
  25 rats
129 creatures vanquished.

Table legend: (Time is in decaauts)
 A = Elapsed time spent in this place.
 B = Non-inter-level travel time spent in this place.
 C = Inter-level travel time spent in this place.
 D = Time resting spent in this place.
 E = Time spent auto-exploring this place.
 F = Levels seen in this place.
 G = Mean time per level.
                   A        B        C        D        E       F      G
               +--------+--------+--------+--------+--------+-----+--------+
         Total |   4718 |   4556 |    162 |    618 |   3018 |   5 |  943.6 |
       Dungeon |   4718 |   4556 |    162 |    618 |   3018 |   5 |  943.6 |
               +--------+--------+--------+--------+--------+-----+--------+

Top non-repeatable levels by time:
     D:4: 1233 daAuts
     D:5: 1053 daAuts
     D:2: 977 daAuts
     D:3: 797 daAuts
     D:1: 657 daAuts

Table legend:
 A = Non-vault XP
 B = Vault XP
 C = Vault XP percentage of total XP
 D = Non-vault monster count
 E = Vault monster count
 F = Vault count percentage of total count
                 A         B        C        D         E       F
            +---------+---------+-------+---------+---------+-------
      Total |     868 |     459 |  34.6 |      88 |      41 |  31.8
            +---------+---------+-------+---------+---------+-------
        D:1 |      46 |       0 |   0.0 |      28 |       0 |   0.0
        D:2 |      49 |       0 |   0.0 |      27 |       0 |   0.0
        D:3 |      14 |      20 |  58.8 |       8 |      19 |  70.4
        D:4 |     387 |       0 |   0.0 |      15 |       0 |   0.0
        D:5 |     372 |     439 |  54.1 |      10 |      22 |  68.8
            +---------+---------+-------+---------+---------+-------
